Map: Kairos Junction LE

Players

Seph - Winner!

  • Race: Terran Terran
  • League: Bronze
  • Spawn Location: 11:00

Quantum

  • Race: Terran Terran
  • League: Gold
  • Spawn Location: 5:00

VOD

Have the link to the VOD?

Description

Time

  • Played on: Feb. 15, 2019, 10:52 p.m.
  • Length: 7:50
Show
View Real Time Build Order
Export as new Build Order

Seph Terran - Winner!

Build Orders:  

Get SALT Encoding   

  12  0:12  Supply Depot  
  12  0:14  SCV  
  13  0:26  SCV  
  14  0:38  SCV  
  15  0:47  Barracks  
  15  0:50  SCV  
  16  0:59  Refinery  
  16  1:02  SCV  
  17  1:14  SCV  
  18  1:20  Barracks  
  18  1:27  SCV  
  19  1:32  Refinery  
  19  1:39  Barracks Tech Lab  
  19  1:45  Orbital Command  
  19  2:11  Supply Depot  
  19  2:15  Command Center  
  19  2:19  Barracks Reactor  
  19  2:29  SCV  
  20  2:34  Marauder  
  22  2:41  SCV  
  23  2:56  Engineering Bay  
  23  3:01  Marauder  
  23  3:02  Marine x2  
  27  3:13  SCV  
  28  3:20  Marine x2  
  28  3:25  SCV  
  28  3:26  Supply Depot  
  31  3:37  SCV  
  31  3:38  SCV  
  31  3:39  Refinery  
  33  3:49  SCV, Supply Depot  
  33  3:50  SCV  
  35  3:56  Marauder  
  35  4:02  SCV  
  38  4:04  Marine  
  38  4:07  Marine  
  40  4:14  SCV  
  41  4:17  Marauder  
  41  4:22  Marine  
  44  4:25  Marine  
  44  4:26  SCV  
  46  4:38  Marauder  
  46  4:40  Marine  
  46  4:43  Marine  
  52  5:00  Marauder  
  51  5:17  Marine x2  
  51  5:21  SCV  
  53  5:33  SCV  
  54  5:40  Factory  
  54  5:45  SCV  
  54  5:57  SCV  
  54  6:09  SCV  
Show
View Real Time Build Order
Export as new Build Order

Quantum Terran 

Build Orders:  

Get SALT Encoding   

  12  0:01  SCV  
  13  0:24  SCV, Supply Depot  
  14  0:36  Supply Depot  
  14  0:59  Supply Depot  
  14  1:08  SCV  
  15  1:22  Supply Depot  
  15  1:24  Barracks  
  15  1:27  Refinery  
  15  1:31  SCV  
  16  1:43  SCV  
  17  1:57  SCV  
  18  2:14  Barracks Tech Lab  
  18  2:21  Barracks  
  18  2:23  SCV  
  18  2:28  Refinery  
  19  2:35  SCV  
  20  2:51  Stimpack  
  20  2:55  Orbital Command  
  20  3:16  Command Center  
  20  3:21  Barracks Tech Lab  
  20  3:35  Marauder  
  22  3:55  Marine  
  23  4:06  Marine  
  24  4:14  Reaper  
  25  4:24  Marine  
  25  4:27  Factory  
  26  4:37  Supply Depot  
  26  4:42  Marauder  
  28  4:55  Reaper  
  24  5:14  Hellion  
  23  5:25  Marine  
  24  5:31  Bunker  
  24  5:36  Bunker  
Tags
 
Matchup
TvT
Race
Terran
Spawn Locations
Cross Positions
Add a new tag
Caveats
  • Supply blocks, unpowered buildings, or Contaminate may cause inaccurate times.
  • Supply counts are checked every 10 seconds.